 Dungeon Crawl Stone Soup version 0.17-a0-2069-g0f4ee5b (webtiles) character file.

4051 pk666 the Cleaver (level 10, -4/94 HPs)
             Began as a Minotaur Fighter on Oct 13, 2015.
             Was a Priest of Okawaru.
             Slain by an orc warrior (19 damage)
             ... in a bailey.
             The game lasted 00:25:32 (7758 turns).

pk666 the Cleaver (Minotaur Fighter)                Turns: 7758, Time: 00:25:32

Health: -4/94      AC: 16    Str: 22    XL:     10   Next: 4%
Magic:  9/9        EV: 11    Int:  5    God:    Okawaru [***...]
Gold:   486        SH:  0    Dex: 12    Spells: 0 memorised, 9 levels left

rFire  . . .     SeeInvis .     q - +0 battleaxe
rCold  . . .     Clarity  .     s - +0 plate armour
rNeg   . . .     SustAt   .     (no shield)
rPois  .         Gourm    .     (helmet restricted)
rElec  .         Spirit   .     n - +1 cloak
rCorr  .         Warding  .     (no gloves)
rMut   .         Stasis   .     (no boots)
MR     .....                    (no amulet)
Stlth  ..........               (no ring)
                                w - +4 ring of evasion

@: not resistant to hostile enchantments, extremely unstealthy
A: retaliatory headbutt, horns 2
a: Heroism, Renounce Religion


You were in a bailey.
You worshipped Okawaru.
Okawaru was most pleased with you.
You were hungry.

You visited 2 branches of the dungeon, and saw 8 of its levels.
You also visited: Sewer, Ossuary and Bailey.

You collected 486 gold pieces.

Inventory:

Hand Weapons
 a - a +0 war axe
 q - a +0 battleaxe (weapon)
Armour
 b - a +0 scale mail
 c - a +0 shield
 n - a +1 cloak (worn)
 s - a +0 plate armour (worn)
Jewellery
 k - an uncursed ring of ice
 w - a +4 ring of evasion (left hand)
Wands
 j - a wand of enslavement (19)
 u - a wand of polymorph (11)
Scrolls
 e - a scroll of identify
 o - 2 scrolls of enchant armour
 v - 4 scrolls of teleportation
 y - a scroll of brand weapon {unknown}
 C - a scroll of enchant weapon {unknown}
 D - 3 scrolls of amnesia {unknown}
 F - a scroll of magic mapping {unknown}
Potions
 d - a potion of cure mutation
 h - 6 potions of curing
 i - 2 potions of cancellation
 l - 3 potions of flight
 r - 2 potions of lignification
 t - 2 potions of might
 B - a potion of resistance {unknown}
 E - a potion of heal wounds {unknown}
Books
 p - an Akashic Record

   Spells                             Type                      Level
   a - Dispersal                      Translocation                6
   b - Controlled Blink               Translocation                7
   c - Malign Gateway                 Summoning/Translocation      7
   d - Disjunction                    Translocation                8
Comestibles
 f - 5 fruits
 m - 2 meat rations
 x - 5 bread rations
 z - a slice of pizza
 A - 2 beef jerkies


   Skills:
 + Level 10.5 Fighting
 * Level 11.4 Axes
 - Level 9.3 Armour
 - Level 3.6 Shields


You had 9 spell levels left.
You didn't know any spells.

Dungeon Overview and Level Annotations

Branches:
Dungeon (7/15)             Temple (1/1) D:4

Altars:
Ashenzari
Cheibriados
Dithmenos
Elyvilon
Fedhas
Gozag
Kikubaaqudgha
Makhleb
Nemelex Xobeh
Okawaru
Qazlal
Ru
Sif Muna
Trog
Vehumet
Xom
Yredelemnul
Zin
The Shining One

Shops:
D:5 *


Innate Abilities, Weirdness & Mutations

You reflexively headbutt those who attack you in melee.
You have a pair of horns on your head.


Message History

You closely miss the orc warrior.
The orc warrior is almost dead.
The orc warrior shoots a bolt.
The bolt hits you but does no damage.
The orc warrior hits you but does no damage.
The orc knight roars a battlecry!
The orc warrior goes into a battle-frenzy!
You slash the orc warrior!
You kill the orc warrior!
Okawaru accepts your kill.
The orc warrior shoots a bolt.
The bolt hits you.
* * * LOW HITPOINT WARNING * * *
You slash the orc warrior! Your headbutt misses the orc warrior.
The orc warrior is heavily wounded.
The orc warrior unwields an uncursed arbalest.
The orc warrior hits you!
* * * LOW HITPOINT WARNING * * *
You hit the orc warrior. Your headbutt misses the orc warrior.
The orc warrior is heavily wounded.
The orc warrior hits you!!
You die...

## ###
##.###########∩## ##
#$..##.....##...##..
#...#..≈≈≈..#...#..≈
#..o#.≈≈o≈≈.......≈≈
#.)@(.≈ooo≈.......≈o
#?.(#.≈≈o≈≈.......≈≈
#%.)#..≈≈≈.(#...#..≈
#$..##.....##.∩.##..
##.###########∩## ##
## ###


You could see an orc knight, 4 orc warriors and an orc (frenzied).

Vanquished Creatures
  The ghost of 4thArraOfDagon the Grappler, a novice VSMo of Cheibriados (Bailey)
  A centaur skeleton (D:7)
  Grinder (D:3)
  Prince Ribbit (D:6)
  Sigmund (D:5)
  Eustachio (D:5)
  Menkaure (D:7)
  A water moccasin (D:5)
  An ice beast (D:5)
  2 orc warriors
  A phantom (D:4)
  A sky beast (D:6)
  A centaur (D:7)
  A crocodile (Sewer)
  4 ogres
  A giant frog (D:6)
  6 killer bees (D:7)
  A scorpion (D:3)
  3 hounds
  A wasp zombie (D:7)
  A crimson imp (D:6)
  An iguana (D:6)
  A jelly (D:5)
  5 orc priests
  2 orc wizards
  Crazy Yiuf (D:2)
  Jessica (D:2)
  2 giant frog skeletons (D:5)
  4 worker ants
  A big kobold zombie (Ossuary)
  9 mummies
  A worker ant zombie (D:4)
  7 gnolls
  2 river rats (D:3)
  9 adders
  A shadow imp (D:5)
  6 oozes
  3 worms
  22 orcs
  3 ball pythons
  3 bats
  9 giant cockroaches
  13 goblins
  5 hobgoblins
  8 jackals
  2 quokkas (D:2)
  A ball python skeleton (D:5)
  A giant cockroach zombie (D:6)
  6 giant geckos
  4 giant newts
  2 hobgoblin zombies (Ossuary)
  16 kobolds
  3 kobold zombies (Ossuary)
  2 orc zombies (Ossuary)
  A quokka skeleton (D:5)
  4 rats
193 creatures vanquished.

Vanquished Creatures (others)
  A human (D:3)
  An orc wizard (D:3)
  An orc (D:3)
3 creatures vanquished.

Grand Total: 196 creatures vanquished

Notes
Turn   | Place    | Note
--------------------------------------------------------------
     0 | D:1      | pk666 the Minotaur Fighter began the quest for the Orb.
     0 | D:1      | Reached XP level 1. HP: 19/19 MP: 0/0
   190 | D:1      | Reached skill level 4 in Armour
   193 | D:1      | Reached XP level 2. HP: 27/27 MP: 1/1
   531 | D:1      | Reached XP level 3. HP: 24/33 MP: 2/2
   846 | D:2      | Found a bloodstained altar of Trog.
  1117 | D:2      | Noticed Jessica
  1119 | D:2      | Killed Jessica
  1119 | D:2      | Reached XP level 4. HP: 38/41 MP: 3/3
  1155 | D:2      | Reached skill level 5 in Armour
  1199 | D:2      | Noticed Crazy Yiuf
  1204 | D:2      | Killed Crazy Yiuf
  1676 | D:2      | Reached XP level 5. HP: 44/47 MP: 4/4
  1771 | D:3      | Reached skill level 5 in Fighting
  1989 | D:3      | Found a glowing drain.
  1998 | Sewer    | Entered a sewer
  2119 | Sewer    | Reached XP level 6. HP: 21/57 MP: 5/5
  2630 | D:3      | Noticed Grinder
  2644 | D:3      | Killed Grinder
  2644 | D:3      | Reached skill level 6 in Fighting
  2644 | D:3      | Reached skill level 5 in Axes
  2644 | D:3      | Reached XP level 7. HP: 13/64 MP: 6/6
  2937 | D:3      | Found an ancient bone altar of Kikubaaqudgha.
  2942 | D:3      | Found a sacrificial altar of Ru.
  2942 | D:3      | Noticed a human
  2944 | D:3      | Killed a human
  3455 | D:3      | You fall through a shaft for 2 floors!
  3455 | D:5      | Entered Level 5 of the Dungeon
  3749 | D:5      | Reached skill level 7 in Armour
  3850 | D:4      | Found a staircase to the Ecumenical Temple.
  3864 | Temple   | Entered the Ecumenical Temple
  3966 | Temple   | Became a worshipper of Warmaster Okawaru
  4229 | D:4      | Reached XP level 8. HP: 54/73 MP: 7/7
  5098 | D:5      | Noticed Sigmund
  5112 | D:5      | Killed Sigmund
  5112 | D:5      | Reached skill level 8 in Armour
  5153 | D:5      | Found Sisamauv's General Store.
  5528 | D:5      | Found a burning altar of Makhleb.
  5528 | D:5      | Noticed an Executioner
  5617 | D:5      | Noticed Eustachio
  5645 | D:5      | Killed Eustachio
  5645 | D:5      | Reached * piety under Okawaru
  5801 | D:6      | Reached skill level 9 in Armour
  5905 | D:6      | Reached XP level 9. HP: 5/83 MP: 8/8
  6290 | D:6      | Found a sand-covered staircase.
  6298 | Ossuary  | Entered an ossuary
  6877 | D:6      | Found a shadowy altar of Dithmenos.
  6877 | D:6      | Found a shattered altar of Ashenzari.
  6914 | D:6      | Reached ** piety under Okawaru
  7371 | D:7      | Noticed Prince Ribbit
  7373 | D:7      | Noticed Menkaure
  7381 | D:7      | Noticed a centaur skeleton
  7401 | D:6      | Killed Prince Ribbit
  7401 | D:6      | Reached skill level 10 in Axes
  7405 | D:7      | Killed Menkaure
  7405 | D:7      | Reached skill level 10 in Fighting
  7407 | D:7      | Killed a centaur skeleton
  7407 | D:7      | Reached *** piety under Okawaru
  7511 | D:7      | Found a flagged portal.
  7524 | Bailey   | Entered a bailey
  7524 | Bailey   | Noticed an orc knight
  7524 | Bailey   | Noticed an orc knight
  7536 | Bailey   | Noticed 4thArraOfDagon's ghost (novice VSMo)
  7547 | Bailey   | Killed 4thArraOfDagon's ghost
  7547 | Bailey   | Reached skill level 11 in Axes
  7547 | Bailey   | Reached XP level 10. HP: 48/94 MP: 9/9
  7758 | Bailey   | Slain by an orc warrior

Vault maps used:
D:1:      minmay_arrival_widening_spiral_wide
D:2:      nicolae_overflow_crystal_walls, small_statue_intersection,
          grunt_ministairs_14, uniq_crazy_yiuf_cottage, uniq_jessica
D:3:      corexii_shack_village, lemuel_doored_altar, portal_sewer_entry_b,
          tgw_kikubaaqudgha, uniq_grinder
D:4:      temple_fountains
D:5:      makhleb_altar_promises_db, serial_shops, nicolae_shop_statue_plus,
          first_bread, kennysheep_flooded_box, serial_bayou_crossing,
          uniq_sigmund, uniq_eustachio
D:6:      gammafunk_temple_overflow_elements, gup_ossuary_entry_pyramid
D:7:      enter_bailey_3, grunt_ministairs_6, uniq_prince_ribbit1, uniq_pikel,
          uniq_menkaure
Temple:   chambers_temple_14
Sewer:    sewer_the_crocodile
Ossuary:  ossuary_tomb_3
Bailey:   bailey_polearm_4, bailey

Action                   |  1- 3 |  4- 6 |  7- 9 | 10-12 || total
-------------------------+-------+-------+-------+-------++-------
Melee: War axe           |    91 |   112 |   248 |       ||   451
       Battleaxe         |       |       |    87 |     7 ||    94
  Use: Potion            |       |     4 |     2 |       ||     6
       Scroll            |       |       |    11 |       ||    11
  Eat: Chunk             |     1 |     5 |    14 |       ||    20
       Fruit             |       |       |     2 |       ||     2
